 Dungeon Crawl Stone Soup version bcrawl-1.28 (webtiles) character file.

Game seed: 8150692395298682054

200038 MisterOstroum the Vandal (level 8, -2/48 HPs)
             Began as a Mana Stalker Fire Elementalist on Nov 20, 2020.
             Hit by a poisoned tomahawk thrown by an orc warrior (9 damage)
             ... on level 5 of the Dungeon.
             The game lasted 00:11:45 (5544 turns).

MisterOstroum the Vandal (VSFE)                     Turns: 5544, Time: 00:11:46

Health: -2/48      AC:  4    Str: 11    XL:     8   Next: 27%
Magic:  12/12      EV: 12    Int: 17    God:
Gold:   338        SH:  0    Dex: 15    Spells: 5/11 levels left

rFire    . . .     SeeInvis .   b - +3 hunting sling
rCold    . . .     Gourm    .   (no shield)
rNeg     . . .     Faith    .   q - +0 leather armour
rPois    .         Spirit   .   (no helmet)
rElec    +         Reflect  .   (no cloak)
rCorr    .         Harm     .   n - +0 pair of gloves
MR       +....                  (no boots)
Stlth    ++........             (no amulet)
HPRegen  0.56/turn              r - ring of insulation
MPRegen  0.13/turn              (no ring)

@: lethally poisoned (-2 -> -2)
A: fangs 3, magic resistance 1, regeneration 1, antimagic bite, no potion heal
3, rot immunity, strong jaws
a: no special abilities


You were on level 5 of the Dungeon.
You were not hungry.

You visited 1 branch of the dungeon, and saw 5 of its levels.

You collected 338 gold pieces.

Inventory:

Hand Weapons
 a - a +1 dagger of venom
 b - a +3 hunting sling (weapon)
 k - a +1 dagger of protection
Missiles
 c - 835 stones (quivered)
 f - 340 sling bullets
 g - 261 bolts
 i - 84 poisoned tomahawks
 o - 132 arrows
Armour
 j - a +0 ring mail
 n - a +0 pair of gloves (worn)
 q - a +0 leather armour (worn)
 y - a cursed +0 helmet
 z - a +0 helmet
Jewellery
 r - a ring of insulation (left hand)
 H - the ring "Fookuurch" {Fire Stlth+, unknown}
   (You found it on level 5 of the Dungeon)

   [ring of fire]

   It enhances your fire magic.
   It protects you from fire.
   It makes you vulnerable to cold.
   It makes you more stealthy.
 I - the amulet "Waigh" {Inacc rElec rPois Str-4, unknown}
   (You found it on level 5 of the Dungeon)

   [amulet of inaccuracy]

   It reduces the accuracy of all your attacks.
   It affects your strength (-4).
   It insulates you from electricity.
   It protects you from poison.
Wands
 C - a wand of acid (20)
Scrolls
 l - 3 scrolls of enchant weapon {unknown}
 p - 4 scrolls of teleportation {unknown}
 s - 3 scrolls of blinking {unknown}
 u - a scroll of noise {unknown}
 w - 3 scrolls of remove curse {unknown}
 D - a scroll of fog {unknown}
 E - 3 scrolls of enchant armour {unknown}
 F - a scroll of immolation {unknown}
 G - a scroll of identify {@r1}
Potions
 h - a potion of flight {unknown}
 m - a potion of invisibility {unknown}
 t - a potion of magic
 v - 3 potions of curing {@q1 !q}
 x - a potion of lignification {unknown}
 A - a potion of heal wounds {unknown}
Comestibles
 d - 2 chunks of flesh
 e - 9 rations {!d}


   Skills:
 + Level 3.7 Fighting
 + Level 5.2 Slings
 - Level 2.1 Dodging
 - Level 3.9 Stealth
 - Level 2.1 Spellcasting
 * Level 2.7 Conjurations
 + Level 4.0 Charms
 + Level 4.1 Fire Magic


You had 5 spell levels left.
You knew the following spells:

 Your Spells              Type           Power        Failure   Level  Hunger
a - Flame Tongue          Conj/Fire      ##...        6%          1    None
b - Conjure Flame         Conj/Fire      ##......     19%         3    ####...
c - Flaming Arrows        Chrm/Fire      ###.....     7%          2    ##.....

Your spell library contained the following spells:

 Spells                   Type           Power        Failure   Level  Hunger
 Inner Flame              Hex/Fire       N/A          32%         3    ####...
 Sticky Flame             Conj/Fire      ##......     52%         4    ######.
 Fireball                 Conj/Fire      ##........   86%         5    #######


Dungeon Overview and Level Annotations

Branches:
Dungeon (5/12)
 Temple: D:4-7

Altars:
Trog

Shops:
D:5 (

Annotations:
D:3 Sigmund


Innate Abilities, Weirdness & Mutations

You have razor-sharp teeth.
You are resistant to hostile enchantments. (MR+)
Your natural rate of healing is unusually fast.
Your bite disrupts and absorbs the magic of your enemies.
Potions cannot restore your health.
You are immune to rotting.
Your bites deal extra damage.


Message History

The orc is severely wounded.
The orc throws a stone.
The stone barely misses you. The orc hits you but does no damage.
The orc throws a stone.
The stone closely misses you.
Your fiery infusion is running out.
The orc throws a stone.
The stone barely misses you.
The orc drinks a potion.
The orc is healed!
Firing (i - inventory. (/) - cycle)
c - 529 stones (quivered)
Press: ? - help, Shift-Dir - straight line, f/p - orc
Aim: an orc, wielding a +1 quarterstaff of protection and quivering 134 stones You shoot a stone.
The stone hits the orc.
The stone is used to channel a burst of flame.
You kill the orc!
Firing (i - inventory. (/) - cycle)
c - 528 stones (quivered)
Press: ? - help, Shift-Dir - straight line, f - orc
Aim: an orc, wielding a +0 quarterstaff, wearing a +0 robe and quivering 180 stones You shoot a stone.
The stone hits the orc!
You kill the orc!
Firing (i - inventory. (/) - cycle)
c - 527 stones (quivered)
Press: ? - help, Shift-Dir - straight line, f - you
Okay, then.
c - 707 stones (gained 180)
You now have 338 gold pieces (gained 23).
Items here: ))) [[ † You are no longer infusing your projectiles with flame.
c - 841 stones (gained 134)
You see here a +1 quarterstaff of protection.
There isn't anything to butcher here.
A quokka comes into view.
A quokka is nearby!
A quokka is nearby!
Firing (i - inventory. (/) - cycle)
c - 841 stones (quivered)
Press: ? - help, Shift-Dir - straight line, f - quokka
Aim: a quokka (hasn't noticed you)
You shoot a stone. The stone hits the quokka.
The quokka is heavily wounded.
The quokka twitches its whiskers.
Firing (i - inventory. (/) - cycle)
c - 840 stones (quivered)
Press: ? - help, Shift-Dir - straight line, f/p - quokka
Aim: a quokka (heavily wounded)
You shoot a stone. The stone misses the quokka.
Firing (i - inventory. (/) - cycle)
c - 839 stones (quivered)
Press: ? - help, Shift-Dir - straight line, f/p - quokka
Aim: a quokka (heavily wounded)
You shoot a stone. The stone barely misses the quokka.
A quokka is nearby!
Firing (i - inventory. (/) - cycle)
c - 838 stones (quivered)
Press: ? - help, Shift-Dir - straight line, f/p - quokka
Aim: a quokka (heavily wounded)
You shoot a stone. The stone hits the quokka.
You kill the quokka!
No target in view!
Casting: Flaming Arrows (safe; 7% risk of failure)
Confirm with . or Enter, or press ? or * to list all spells.
You can't see any susceptible monsters within range! (Use Z to cast anyway.)
You butcher the orc corpse.
d - 2 chunks of flesh
Items here: ))) [[ ÷ x2
The orc warrior is too close now for your liking.
An orc warrior is nearby!
An orc warrior is nearby!
Firing (i - inventory. (/) - cycle)
c - 837 stones (quivered)
Press: ? - help, Shift-Dir - straight line, f - orc warrior
Aim: an orc warrior, wielding a +0 scimitar, wearing a +4 plate armour and quivering 117 poisoned tomahawks (hasn't noticed you)
You shoot a stone. The orc warrior shouts!
The stone hits the orc warrior.
The orc warrior is lightly wounded.
The orc warrior throws a poisoned tomahawk.
The poisoned tomahawk hits you!
You are poisoned.
Firing (i - inventory. (/) - cycle)
c - 836 stones (quivered)
Press: ? - help, Shift-Dir - straight line, f/p - orc warrior
Aim: an orc warrior, wielding a +0 scimitar, wearing a +4 plate armour and quivering 116 poisoned tomahawks (lightly wounded)
You shoot a stone.
The stone hits the orc warrior but does no damage.
The orc warrior is lightly wounded.
You feel sick.
You feel sick.
You feel sick.
You feel sick.
You start resting.
You feel sick.
A leopard gecko comes into view.
You feel sick.
The orc warrior throws a poisoned tomahawk.
The poisoned tomahawk hits you!!
* * * LOW HITPOINT WARNING * * *
You feel sick.
The leopard gecko hisses angrily.
You feel sick.
You feel sick.
You feel sick.
You feel sick.
You feel sick.
You feel sick.
An iguana comes into view.
You feel sick.
The orc warrior throws a poisoned tomahawk.
The poisoned tomahawk hits you!
You die...

#.......## #.# #.......)
##.#..[..# ###.### ##.......
##..#...## #.....#####..##...
#...##..### ##....##.######...
###.#..#....#####...#..#..###...
#...#..........#.#.##.l....###..
##...........#..............###.
#....##.....###..<.........##...
#....###>......@.......#......##
#..#...........##......#.....##.
#..#...........###.....##....##.
#..##.###...l........##....#....
##...###)....###..........##.#..
##.###.#......#..........##....
#....)#..#.#............##..#.
#.......o###....#...........##
#.....##.###..###.8........###


You could see an orc warrior, an iguana (wandering) and a leopard gecko.

Vanquished Creatures
  An ice beast (D:5)
  An ogre (D:4)
  2 sky beasts (D:4)
  A bullfrog (D:5)
  A scorpion (D:5)
  A crimson imp (D:5)
  2 hounds
  3 orc priests
  A gnoll shaman (D:3)
  A jelly (D:5)
  Jessica (D:3)
  2 orc wizards (D:3)
  2 worker ants
  Robin (D:3)
  6 adders
  A shadow imp (D:5)
  An ooze (D:1)
  3 worms (D:2)
  5 dart slugs
  4 leopard geckos
  18 orcs
  3 ball pythons
  4 giant cockroaches
  12 goblins
  13 hobgoblins
  7 jackals
  5 kobolds
  5 quokkas
  A bat (D:1)
  8 frilled lizards
  3 rats
119 creatures vanquished.

Notes
Turn   | Place    | Note
-------+----------+-------------------------------------------
     0 | D:1      | MisterOstroum the Vine Stalker Fire Elementalist began the
                  | quest for the Orb.
     0 | D:1      | Reached XP level 1. HP: 10/10 MP: 4/4
    57 | D:1      | Reached skill level 1 in Fighting
   114 | D:1      | Reached XP level 2. HP: 16/16 MP: 4/6
   638 | D:1      | Reached XP level 3. HP: 12/21 MP: 1/7
  1503 | D:2      | Found a bloodstained altar of Trog.
  1593 | D:2      | Reached XP level 4. HP: 26/26 MP: 5/8
  1597 | D:2      | Learned a level 2 spell: Flaming Arrows
  1601 | D:2      | Learned a level 3 spell: Conjure Flame
  1894 | D:2      | Reached skill level 1 in Slings
  2334 | D:3      | Reached skill level 2 in Slings
  2451 | D:3      | Reached XP level 5. HP: 24/30 MP: 7/9
  2713 | D:3      | Reached skill level 3 in Slings
  2727 | D:3      | Noticed Robin
  2737 | D:3      | Noticed Sigmund
  2887 | D:3      | Gained mutation: You have razor-sharp teeth. [Vine Stalker
                  | growth]
  2887 | D:3      | Reached XP level 6. HP: 7/35 MP: 5/10
  2889 | D:3      | Reached skill level 4 in Slings
  3000 | D:3      | Killed Robin
  3258 | D:3      | Noticed Jessica
  3263 | D:3      | Killed Jessica
  3515 | D:4      | Reached skill level 1 in Charms
  4394 | D:4      | Reached XP level 7. HP: 27/40 MP: 2/11
  4831 | D:5      | Entered Level 5 of the Dungeon
  5045 | D:5      | Got a fine golden ring
  5050 | D:5      | Got a faintly glowing copper amulet
  5235 | D:5      | Found Kuameeg's Antique Weapon Boutique.
  5301 | D:5      | Gained mutation: Your bite disrupts and absorbs the magic
                  | of your enemies. [Mana Stalker growth]
  5301 | D:5      | Gained mutation: You are resistant to hostile enchantments.
                  | (MR+) [Mana Stalker growth]
  5301 | D:5      | Reached XP level 8. HP: 40/46 MP: 5/12
  5328 | D:4      | Reached skill level 5 in Slings
  5544 | D:5      | Hit by a poisoned tomahawk thrown by an orc warrior

Skill      XL: |  1  2  3  4  5  6  7  8 |
---------------+-------------------------+-----
Fighting       | 1 2 3 |  3.7
Slings         | 2 3 4 5 |  5.2
Fire Magic     | 4 |  4.1
Charms         | 2 3 4 |  4.0
Conjurations   | 2 |  2.7
Dodging        | |  2.1
Stealth        | |  3.9
Spellcasting   | |  2.1

Action                   |  1- 3 |  4- 6 |  7- 9 || total
-------------------------+-------+-------+-------++-------
Melee: Club              |     1 |       |       ||     1
       Unarmed           |     1 |       |       ||     1
       Dagger            |    11 |     1 |    15 ||    27
       Bite              |       |     1 |     2 ||     3
       Hunting sling     |       |       |     1 ||     1
 Fire: Hunting sling     |    10 |   141 |    74 ||   225
Throw: Tomahawk          |       |       |     1 ||     1
 Cast: Flame Tongue      |    53 |    69 |    31 ||   153
       Flaming Arrows    |       |     4 |     3 ||     7
       Conjure Flame     |       |     2 |       ||     2
  Use: Scroll            |       |     2 |       ||     2
  Eat: Chunk             |     4 |    11 |     7 ||    22
       Ration            |       |     1 |       ||     1
Armor: Robe              |     9 |     2 |       ||    11
       Leather armour    |       |    14 |    15 ||    29
Dodge: Dodged            |    21 |    53 |    54 ||   128
